 Dungeon Crawl Stone Soup version 0.29-a0-284-gf9362112df (webtiles) character file.

Game seed: 13588303787573079271

9 holysushi the Grasshopper (level 2, 21/22 HPs)
             Began as a Demonspawn Warper on Mar 19, 2022.
             Quit the game on level 1 of the Dungeon.
             The game lasted 00:00:30 (309 turns).

holysushi the Grasshopper (Demonspawn Warper)        Turns: 309, Time: 00:00:30

Health: 21/22      AC:  3    Str: 11    XL:     2   Next: 3%
Magic:  5/5        EV: 11    Int: 14    God:
Gold:   4          SH:  0    Dex: 12    Spells: 5/5 levels left

rFire   . . .      SeeInvis .   a - +0 short sword
rCold   . . .      Faith    .   (no shield)
rNeg    . . .      Spirit   .   b - +0 leather armour
rPois   .          Reflect  .   (no helmet)
rElec   .          Harm     .   (no cloak)
rCorr   .          Rampage  .   (no gloves)
Will    .....                   (no boots)
Stlth   +.........              (no amulet)
HPRegen 0.07/turn               (no ring)
MPRegen 0.09/turn               (no ring)

@: no status effects
A: powered by death 1
a: no special abilities


You were on level 1 of the Dungeon.
You visited 1 branch of the dungeon, and saw 1 of its levels.

You collected 4 gold pieces.

Inventory:

Hand Weapons
 a - a +0 short sword (weapon)
Missiles
 d - 7 boomerangs of dispersal (quivered)
Armour
 b - a +0 leather armour (worn)
Scrolls
 c - a scroll of blinking
 e - 3 scrolls of identify {unknown}


   Skills:
 + Level 2.2 Fighting
 * Level 2.2 Short Blades
 - Level 0.8 Throwing
 - Level 0.8 Armour
 - Level 1.7 Dodging
 - Level 2.0 Spellcasting
 - Level 2.7 Translocations


You had 5 spell levels left.
You didn't know any spells.
Your spell library contained the following spells:

 Spells                   Type           Power      Damage    Failure   Level
 Blink                    Tloc           16%        N/A       16%         2
 Gell's Gravitas          Tloc           8%         N/A       30%         3
 Lesser Beckoning         Tloc           8%         N/A       30%         3
 Teleport Other           Tloc           8%         N/A       30%         3
 Manifold Assault         Tloc           8%         N/A       96%         5


Dungeon Overview and Level Annotations

Branches:
Dungeon (1/15)

Altars:


Innate Abilities, Weirdness & Mutations

You regenerate a little health from kills.


Message History

The hobgoblin hits you but does no damage.
You barely miss the hobgoblin. The hobgoblin barely misses you.
You hit the hobgoblin but do no damage. The hobgoblin barely misses you.
You barely miss the hobgoblin. The hobgoblin closely misses you.
You hit the hobgoblin.
The hobgoblin is moderately wounded.
The hobgoblin misses you.
You hit the hobgoblin.
You kill the hobgoblin!
You barely miss the quokka. The quokka bites you.
You barely miss the quokka. The quokka misses you.
You miss the quokka. The quokka barely misses you.
The quokka bites you but does no damage.
You hit the quokka.
The quokka is severely wounded.
The quokka bites you but does no damage.
You hit the quokka.
You kill the quokka!
Found 2 red potions.
You see here a quokka corpse.
You start resting.
HP restored.
A hobgoblin comes into view.
A hobgoblin is nearby!
A hobgoblin is nearby!
A hobgoblin is nearby!
A hobgoblin is nearby!
The hobgoblin shouts!
A goblin comes into view. It is wielding a +0 club.
The hobgoblin barely misses you.
The goblin shouts!
You hit the hobgoblin.
The hobgoblin is heavily wounded.
The hobgoblin hits you.
You hit the hobgoblin.
You kill the hobgoblin!
You have reached level 2!
Your demonic ancestry asserts itself...
A wave of death washes over you.
Are you sure you want to abandon this character and quit the game? (Confirm with "yes".)

..# .. .. ####
##. . ..# .g .
#.# .###
#.####.##...##
#.......@....#
#.#!##..#....#


P.P..PPP #.#.##..###..#♣ ♣.♣P.PPP #.......# .#.P♣PP..PP.P #.##.##.# #♣♣PPP.PPP♣♣
#.......# .P.P♣P.PPPP ####.#### .############ #....†..# ............. #.##.##.#
....##...<... You could see a goblin.

Vanquished Creatures
  A ball python (D:1)
  2 endoplasms (D:1)
  2 hobgoblins (D:1)
  A quokka (D:1)
  A frilled lizard (D:1)
7 creatures vanquished.

Notes
Turn   | Place    | Note
-------+----------+-------------------------------------------
     0 | D:1      | holysushi the Demonspawn Warper began the quest for the
                  | Orb.
     0 | D:1      | Reached XP level 1. HP: 16/16 MP: 3/3
   309 | D:1      | Gained mutation: You regenerate a little health from kills.
                  | [demonic ancestry]
   309 | D:1      | Reached XP level 2. HP: 21/22 MP: 5/5
   309 | D:1      | Quit the game

Illustrated notes

Levels and vault maps discovered:
D:1:      minmay_arrival_arboretum_small, layout_loops_cross

Skill      XL: |  1 |
---------------+----+-----
Short Blades   | 2 |  2.2
Fighting       | |  2.2
Throwing       | |  0.8
Armour         | |  0.8
Dodging        | |  1.7
Spellcasting   | |  2.0
Translocations | |  2.7

Action                   || total
-------------------------++-------
Melee: Short sword       ||    27
Armor: Leather armour    ||     4
Dodge: Dodged            ||    13

Table legend: (Time is in decaauts)
 A = Elapsed time spent in this place.
 B = Non-inter-level travel time spent in this place.
 C = Inter-level travel time spent in this place.
 D = Time resting spent in this place.
 E = Time spent auto-exploring this place.
 F = Levels seen in this place.
 G = Mean time per level.
                   A        B        C        D        E       F      G
               +--------+--------+--------+--------+--------+-----+--------+
         Total |    309 |    309 |      0 |    191 |     60 |   1 |  309.0 |
       Dungeon |    309 |    309 |      0 |    191 |     60 |   1 |  309.0 |
               +--------+--------+--------+--------+--------+-----+--------+

Top non-repeatable levels by time:
     D:1: 309 daAuts
